Map: [ESL] Solaris

Players

llllllllllll (sOs)

  • Race: Protoss Protoss
  • Spawn Location: 7:00

ShoWTimE - Winner!

  • Race: Protoss Protoss
  • Spawn Location: 1:00

Event: IEM Katowice 2024

VOD

Have the link to the VOD?

Description

Time

  • Played on: Dec. 5, 2023, 5:55 a.m.
  • Length: 14:30

All games in this series

Show
View Real Time Build Order
Export as new Build Order

llllllllllll Protoss 

Build Orders: Phoenix Opening, Archon Immortal 

Get SALT Encoding   

  12  0:00  Probe  
  13  0:12  Probe  
  14  0:17  Pylon  
  14  0:24  Probe (Chrono Boost)  
  15  0:36  Gateway, Probe (Chrono Boost)  
  16  0:43  Probe (Chrono Boost)  
  16  0:46  Assimilator  
  17  0:51  Probe  
  17  0:54  Assimilator  
  18  1:03  Probe (Chrono Boost)  
  19  1:07  Gateway  
  20  1:12  Probe (Chrono Boost)  
  20  1:17  Probe (Chrono Boost)  
  20  1:24  Cybernetics Core  
  21  1:29  Probe  
  22  1:36  Pylon  
  22  1:41  Probe  
  24  1:54  Probe  
  24  2:01  Stalker, Warp Gate  
  26  2:10  Sentry  
  28  2:16  Pylon  
  28  2:23  Pylon  
  28  2:36  Stargate  
  28  2:43  Stalker  
  30  2:56  Nexus  
  30  2:57  Shield Battery  
  30  3:09  Probe  
  31  3:22  Shield Battery  
  31  3:23  Probe  
  35  3:29  Phoenix (Chrono Boost)  
  34  3:36  Probe  
  34  3:38  Pylon  
  35  3:46  Phoenix (Chrono Boost)  
  37  3:50  Pylon  
  37  3:52  Stalker  
  37  3:55  Probe  
  39  4:07  Phoenix  
  39  4:09  Probe (Chrono Boost)  
  42  4:11  Probe (Chrono Boost)  
  43  4:21  Probe (Chrono Boost)  
  43  4:23  Robotics Facility, Probe (Chrono Boost)  
  45  4:28  Probe (Chrono Boost)  
  45  4:29  Probe (Chrono Boost)  
  46  4:31  Adept  
  46  4:35  Probe  
  45  4:40  Probe  
  46  4:47  Probe  
  46  4:52  Probe  
  48  4:58  Pylon  
  48  4:59  Probe  
  49  5:04  Probe (Chrono Boost)  
  50  5:11  Observer, Probe (Chrono Boost)  
  52  5:17  Assimilator  
  52  5:21  Probe (Chrono Boost), Forge  
  54  5:23  Probe (Chrono Boost)  
  55  5:29  Probe (Chrono Boost)  
  55  5:32  Immortal, Probe (Chrono Boost)  
  60  5:36  Probe (Chrono Boost)  
  60  5:38  Immortal  
  60  5:39  Probe (Chrono Boost)  
  60  5:41  Twilight Council  
  62  5:46  Observer  
  62  5:50  Pylon  
  62  5:51  Pylon  
  62  6:00  Protoss Ground Weapons Level 1 (Chrono Boost)  
  62  6:01  Shield Battery  
  62  6:03  Pylon  
  62  6:08  Probe x2  
  68  6:11  Immortal  
  68  6:13  Assimilator  
  68  6:15  Sentry  
  68  6:16  Blink (Chrono Boost), Stalker  
  72  6:22  Probe x2  
  72  6:25  Observer  
  74  6:36  Probe  
  74  6:39  Pylon  
  75  6:45  Nexus  
  75  6:46  Pylon  
  73  6:54  Immortal (Chrono Boost)  
  73  7:00  Probe x2  
  79  7:06  Shield Battery  
  79  7:08  Sentry, Stalker  
  81  7:24  Immortal (Chrono Boost)  
  85  7:37  Stalker x2  
  87  7:38  Probe x2  
  91  7:48  Gateway  
  91  7:49  Gateway  
  91  7:50  Probe x2  
  93  7:53  Protoss Ground Weapons Level 2 (Chrono Boost)  
  93  8:03  Stalker x2  
  93  8:04  Probe x3  
  100  8:21  Charge  
  100  8:34  Gateway  
  100  8:35  Gateway  
  100  8:37  Immortal (Chrono Boost)  
  100  8:38  Gateway, Probe  
  100  8:40  Templar Archives  
  105  8:42  Gateway  
  105  8:45  Pylon  
  105  8:46  Pylon  
  102  9:01  Zealot x4  
  102  9:02  Probe x2  
  112  9:03  Probe  
  112  9:08  Pylon  
  113  9:10  Pylon  
  113  9:11  Pylon  
  113  9:21  Photon Cannon  
  113  9:23  High Templar x2  
  113  9:24  Nexus, High Templar x2  
  119  9:25  Pylon  
  119  9:26  Observer (Chrono Boost)  
  119  9:27  Archon  
  119  9:28  Archon  
  122  9:33  Photon Cannon  
  122  9:41  Pylon  
  122  9:44  Gateway, Warp Prism (Chrono Boost)  
  122  9:46  Gateway  
  122  9:47  High Templar, Shield Battery  
  122  9:48  High Templar  
  128  9:58  Zealot x4, Archon  
  136  10:02  Photon Cannon  
  136  10:06  Zealot x2  
  140  10:19  Zealot x2  
  133  10:24  Immortal  
  133  10:27  Zealot x4  
  139  10:31  Zealot x2  
  141  10:37  Probe x3  
  141  10:39  Probe  
  145  10:43  Zealot  
  145  10:49  Probe x2  
  149  10:51  Probe  
  149  10:54  Pylon  
  150  10:58  High Templar x3  
  150  10:59  High Templar  
  150  11:00  Photon Cannon  
  150  11:01  Shield Battery  
  150  11:02  Archon  
  150  11:03  Archon, Pylon  
  156  11:05  Zealot x3  
  138  11:17  Probe  
  121  11:21  Warp Prism (Chrono Boost)  
  119  11:29  Probe x4  
  119  11:30  Pylon  
  119  11:31  High Templar, Zealot x2  
  119  11:32  Zealot x5, High Templar  
  141  11:33  Zealot  
  141  11:37  Archon  
  143  11:41  Probe x2  
  145  11:54  Pylon, Probe  
  146  12:00  High Templar  
  146  12:01  High Templar, Zealot x3  
  150  12:02  Nexus, Zealot x3  
  150  12:05  Archon  
  150  12:06  Zealot  
  150  12:08  Zealot  
  166  12:11  Protoss Ground Armor Level 1 (Chrono Boost)  
  164  12:23  Observer  
  164  12:28  Zealot x6  
  164  12:29  High Templar x2  
  176  12:34  Photon Cannon  
  176  12:35  Archon  
  176  12:36  Shield Battery  
  176  12:37  Zealot x2  
  176  12:38  Pylon  
  180  12:55  Zealot x4  
  180  12:56  Zealot x2  
  180  12:58  Zealot x2  
  178  13:10  Zealot x2  
  134  13:17  Zealot x6  
  134  13:18  Immortal (Chrono Boost)  
  130  13:22  Zealot x2  
  94  13:36  High Templar x2  
  94  13:37  High Templar x2  
  94  13:38  Zealot x4  
  94  13:40  Archon  
  94  13:41  Archon  
  94  13:42  Zealot x2  
  94  13:46  Probe  
  94  13:47  Photon Cannon  
  99  13:48  Shield Battery  
  99  13:50  Immortal (Chrono Boost)  
  103  14:00  Zealot x4  
  111  14:06  Shield Battery  
  111  14:08  High Templar x2  
  111  14:09  Zealot x3  
  121  14:10  Zealot  
  121  14:12  Archon  
  121  14:18  Probe  
  121  14:22  Zealot x3  
  120  14:25  Zealot  
Show
View Real Time Build Order
Export as new Build Order

ShoWTimE Protoss - Winner!

Build Orders: Oracle Opening 

Get SALT Encoding   

  12  0:00  Probe  
  13  0:12  Probe  
  14  0:17  Pylon  
  14  0:24  Probe (Chrono Boost)  
  15  0:36  Gateway  
  15  0:37  Probe (Chrono Boost)  
  16  0:44  Probe (Chrono Boost)  
  16  0:45  Assimilator  
  17  0:51  Probe  
  18  1:00  Assimilator  
  18  1:03  Probe (Chrono Boost)  
  19  1:07  Gateway  
  19  1:13  Probe (Chrono Boost)  
  19  1:18  Probe (Chrono Boost)  
  21  1:26  Cybernetics Core  
  21  1:29  Probe  
  22  1:38  Pylon  
  22  1:41  Probe  
  23  1:56  Probe  
  24  2:02  Warp Gate, Adept x2  
  24  2:08  Probe  
  29  2:13  Pylon  
  29  2:21  Stargate  
  29  2:32  Adept x2  
  29  2:35  Probe  
  34  2:45  Pylon  
  34  2:47  Probe  
  35  2:59  Probe  
  35  3:01  Oracle (Chrono Boost)  
  39  3:11  Probe  
  39  3:25  Nexus  
  39  3:27  Probe  
  43  3:41  Pylon  
  43  3:44  Probe  
  44  3:56  Probe  
  42  4:05  Twilight Council  
  42  4:06  Gateway  
  42  4:08  Probe  
  43  4:10  Stalker x2  
  47  4:20  Probe  
  45  4:32  Probe  
  45  4:37  Probe  
  45  4:38  Stalker x2  
  45  4:39  Blink (Chrono Boost)  
  45  4:44  Probe  
  46  4:49  Probe  
  47  4:56  Probe  
  47  4:59  Shield Battery  
  48  5:01  Probe  
  48  5:05  Stalker x2  
  53  5:09  Probe  
  53  5:12  Stalker  
  53  5:13  Probe  
  54  5:16  Pylon  
  54  5:22  Probe  
  54  5:23  Assimilator  
  54  5:25  Probe  
  56  5:35  Stalker x2  
  60  5:37  Stalker  
  60  5:38  Probe  
  61  5:51  Probe  
  62  5:58  Nexus  
  62  6:00  Pylon  
  62  6:02  Probe  
  62  6:03  Probe  
  64  6:12  Stalker x2  
  64  6:13  Stalker  
  64  6:16  Probe x2  
  72  6:21  Robotics Facility  
  72  6:30  Probe x2  
  72  6:32  Forge  
  74  6:39  Stalker x2  
  78  6:40  Stalker  
  78  6:44  Probe x2  
  80  6:50  Pylon  
  79  6:56  Probe x2  
  80  7:02  Protoss Ground Weapons Level 1 (Chrono Boost)  
  80  7:06  Stalker x3  
  80  7:08  Probe x2  
  86  7:10  Probe  
  86  7:14  Charge (Chrono Boost)  
  87  7:20  Probe  
  87  7:21  Gateway  
  87  7:22  Probe x2  
  88  7:33  Probe  
  88  7:35  Stalker x2  
  93  7:38  Stalker  
  93  7:39  Probe x2  
  95  7:45  Probe  
  95  7:51  Observer, Probe x2, Pylon  
  97  7:52  Assimilator  
  97  7:57  Probe  
  100  8:01  Gateway  
  100  8:02  Gateway  
  100  8:04  Gateway  
  100  8:10  Gateway  
  100  8:16  Pylon  
  100  8:27  Templar Archives  
  100  8:30  Pylon  
  100  8:32  Nexus  
  100  8:34  Zealot x4  
  100  8:35  Pylon  
  100  8:38  Pylon  
  108  8:42  Gateway  
  108  8:44  Gateway  
  108  8:53  Protoss Ground Weapons Level 2 (Chrono Boost)  
  106  8:56  Zealot x6  
  106  8:58  Probe x2  
  106  8:59  Probe  
  116  9:10  Shield Battery, Probe x2  
  116  9:14  Pylon  
  116  9:15  High Templar  
  116  9:16  High Templar  
  122  9:18  Probe  
  122  9:20  Archon  
  122  9:21  Zealot x2  
  122  9:22  Probe  
  128  9:30  Zealot x3, Shield Battery  
  133  9:42  High Templar x2  
  133  9:45  Zealot x3  
  141  9:47  Archon  
  143  9:57  Observer  
  143  9:58  Zealot x5  
  153  10:03  Pylon  
  153  10:05  Shield Battery, Pylon  
  153  10:13  Zealot x2  
  153  10:14  Zealot  
  157  10:18  Observer, Warp Prism (Chrono Boost)  
  143  10:23  Zealot x3  
  125  10:32  High Templar x2  
  125  10:33  Zealot x2  
  126  10:36  Probe x3  
  126  10:38  Archon  
  128  10:44  Zealot x4  
  128  10:45  Zealot x2  
  128  10:46  Probe  
  128  10:48  Probe x2  
  128  10:49  Probe  
  144  10:53  Warp Prism (Chrono Boost)  
  144  10:58  Probe  
  144  11:00  Zealot, Probe  
  144  11:01  Zealot  
  139  11:13  Observer  
  139  11:17  Zealot x8  
  141  11:19  Probe, Protoss Ground Weapons Level 3 (Chrono Boost)  
  134  11:28  Probe x2  
  136  11:36  Observer  
  136  11:37  Nexus  
  136  11:43  Zealot x8  
  152  11:49  High Templar x2  
  153  11:56  Archon  
  153  12:02  Pylon  
  153  12:03  Observer  
  153  12:04  Pylon  
  153  12:06  High Templar x3  
  153  12:07  Gateway  
  153  12:08  High Templar, Zealot x2  
  162  12:09  Zealot x2, Gateway  
  162  12:12  Probe x2  
  162  12:13  Probe  
  162  12:14  Archon  
  162  12:15  Unknown  
  167  12:29  Zealot x4  
  171  12:30  Archon  
  171  12:34  Photon Cannon  
  171  12:36  Shield Battery  
  170  12:39  High Templar  
  170  12:40  High Templar, Zealot x4  
  170  12:43  Shield Battery  
  182  12:44  Archon  
  182  12:47  Observer  
  182  12:51  Zealot x4, Shield Battery  
  182  12:52  Shield Battery  
  190  13:01  Photon Cannon  
  190  13:02  Shield Battery  
  190  13:04  Zealot x6  
  192  13:12  Zealot x4  
  127  13:21  Zealot x2  
  127  13:25  Zealot x3  
  125  13:29  Zealot x3  
  125  13:35  Zealot x4  
  131  13:42  Observer  
  131  13:45  Probe x2  
  131  13:46  Probe x2  
  136  13:56  High Templar x3  
  136  13:58  High Templar, Zealot x6  
  156  14:02  Archon  
  156  14:03  Zealot x2  
  156  14:04  Archon  
  156  14:09  Photon Cannon  
  160  14:18  Zealot x4  
  160  14:19  Zealot x2  
  172  14:25  Zealot x2  

Tags
 
Add a new tag
Caveats
  • Supply blocks, unpowered buildings, or Contaminate may cause inaccurate times.
  • Supply counts are checked every 10 seconds.